SNL (28 & UNDER)
KEY WEST BARRACUDAS @ GAINESVILLE GUIDOS
06/19/2023
 
TOP OF THE 1ST
Key West Barracudas batting - Pitching for Gainesville Guidos : RHP Matt McGinnity
Pitching: RHP Matt McGinnity
Batting: RHB Luis Pineda 0-0: Ball
1-0: Ball
2-0: Ball
3-0: Base on Balls
Batting: SHB Patrick Larson 0-0: Ball
1-0: Ball
2-0: Called Strike
2-1: Ball
3-1: Base on Balls
Luis Pineda to second
Batting: RHB Dave Nelson 0-0: Ball
1-0: SINGLE (Line Drive, 89S)
Luis Pineda to third
Patrick Larson to second
Runner from 3rd tries for Home, throw and OUT!
Batting: RHB Carlos Miranda 0-0: Foul Ball, location: 2F
0-1: Ball
1-1: Swinging Strike
1-2: Ball
2-2: Grounds into double play, 4-6-3 (Groundball, 34)
Top of the 1st over - 0 run(s), 1 hit(s), 0 error(s), 1 left on base; Key West 0 - Gainesville 0
BOTTOM OF THE 1ST
Gainesville Guidos batting - Pitching for Key West Barracudas : RHP Cade Baird
Pitching: RHP Cade Baird
Batting: RHB Pedro Mata 0-0: SINGLE (Groundball, 56D)
Batting: RHB Victor Andrews 0-0: Called Strike
0-1: Ball
1-1: Called Strike
1-2: SINGLE (Groundball, 56D)
Pedro Mata to second
Batting: LHB Sergio Barrón 0-0: Called Strike
0-1: Ball
1-1: Called Strike
1-2: Ball
2-2: Foul Ball, location: 2F
2-2: Ball
3-2: Base on Balls
Pedro Mata to third
Victor Andrews to second
Batting: RHB José Fernández 0-0: SINGLE (Groundball, 56D)
Pedro Mata scores
Victor Andrews to third
Sergio Barrón to second
Batting: LHB Ed Hart 0-0: Ball
1-0: GRAND SLAM HOME RUN (Flyball, 89XD), Distance : 381 ft
Batting: RHB Noriyori Ine 0-0: Called Strike
0-1: Ball
1-1: Ball
2-1: Foul Ball, location: 2F
2-2: Fly out, F9 (Flyball, 9M)
Batting: SHB Reynaldo Gallegos 0-0: Ball
1-0: Called Strike
1-1: Swinging Strike
1-2: Strikes out swinging
Batting: RHB Jason Saunders 0-0: Ball
1-0: SOLO HOME RUN (Line Drive, 7D), Distance : 373 ft
Batting: LHB Mark Owens 0-0: Called Strike
0-1: Foul Ball, location: 2F
0-2: Strikes out looking
Bottom of the 1st over - 6 run(s), 5 hit(s), 0 error(s), 0 left on base; Key West 0 - Gainesville 6
TOP OF THE 2ND
Key West Barracudas batting - Pitching for Gainesville Guidos : RHP Matt McGinnity
Batting: RHB Luther Stoffels 0-0: Ball
1-0: Ground out 5-3 (Groundball, 56S)
Batting: RHB Kenny Cole 0-0: SINGLE (Line Drive, 6D)
Batting: LHB Daniel Byrd 0-0: SINGLE (Groundball, 34D)
Kenny Cole to second
Runner from 2nd tries for 3rd, OUT!
Batting: RHB Alfredo Pineda 0-0: Called Strike
0-1: Called Strike
0-2: Strikes out swinging
Top of the 2nd over - 0 run(s), 2 hit(s), 0 error(s), 1 left on base; Key West 0 - Gainesville 6
BOTTOM OF THE 2ND
Gainesville Guidos batting - Pitching for Key West Barracudas : RHP Cade Baird
Batting: RHB Pedro Mata 0-0: Ball
1-0: Ball
2-0: Called Strike
2-1: Swinging Strike
2-2: Strikes out looking
Batting: RHB Victor Andrews 0-0: Ball
1-0: Ground out 6-3 (Groundball, 6M)
Batting: LHB Sergio Barrón 0-0: Called Strike
0-1: Swinging Strike
0-2: Foul Ball, location: 2F
0-2: Ball
1-2: Strikes out swinging
Bottom of the 2nd over - 0 run(s), 0 hit(s), 0 error(s), 0 left on base; Key West 0 - Gainesville 6
TOP OF THE 3RD
Key West Barracudas batting - Pitching for Gainesville Guidos : RHP Matt McGinnity
Batting: RHB Dan Craft 0-0: Swinging Strike
0-1: Called Strike
0-2: Ball
1-2: Ball
2-2: Foul Ball, location: 2F
2-2: Strikes out swinging
Batting: RHB Luis Pineda 0-0: Called Strike
0-1: Ball
1-1: Foul Ball, location: 2F
1-2: Ball
2-2: Ball
3-2: Foul Ball, location: 2F
3-2: Foul Ball, location: 2F
3-2: Base on Balls
Batting: SHB Patrick Larson 0-0: Ball
1-0: Called Strike
1-1: Ball
2-1: Foul Ball, location: 2F
2-2: Foul Ball, location: 2F
2-2: Strikes out swinging
Batting: RHB Dave Nelson 0-0: Called Strike
0-1: Ball
1-1: Foul Ball, location: 2F
1-2: Ball
2-2: Ball
3-2: Strikes out looking
Top of the 3rd over - 0 run(s), 0 hit(s), 0 error(s), 1 left on base; Key West 0 - Gainesville 6
BOTTOM OF THE 3RD
Gainesville Guidos batting - Pitching for Key West Barracudas : RHP Cade Baird
Batting: RHB José Fernández 0-0: Called Strike
0-1: Ball
1-1: SINGLE (Flyball, 4MD)
Batting: LHB Ed Hart 0-0: Ball
1-0: Ball
2-0: Foul Ball, location: 2F
2-1: Foul Ball, location: 2F
2-2: Foul Ball, location: 2F
2-2: Strikes out looking
Batting: RHB Noriyori Ine 0-0: Foul Ball, location: 2F
0-1: Ball
1-1: 2-RUN HOME RUN (Flyball, 89XD), Distance : 387 ft
Pitching: LHP Anastasio Flores
Batting: SHB Reynaldo Gallegos 0-0: Ball
1-0: Foul Ball, location: 2F
1-1: Called Strike
1-2: Foul Ball, location: 2F
1-2: Strikes out swinging
Batting: RHB Jason Saunders 0-0: Foul Ball, location: 2F
0-1: Ball
1-1: Ball
2-1: Ball
3-1: Base on Balls
Batting: LHB Mark Owens 0-0: Called Strike
0-1: Ball
1-1: Foul Ball, location: 2F
1-2: Ball
Jason Saunders steals 2nd base
2-2: Strikes out swinging
Bottom of the 3rd over - 2 run(s), 2 hit(s), 0 error(s), 1 left on base; Key West 0 - Gainesville 8
TOP OF THE 4TH
Key West Barracudas batting - Pitching for Gainesville Guidos : RHP Matt McGinnity
Batting: RHB Carlos Miranda 0-0: Foul Ball, location: 2F
0-1: Ball
1-1: Called Strike
1-2: Ball
2-2: Foul Ball, location: 2F
2-2: Strikes out looking
Batting: RHB Luther Stoffels 0-0: Ball
1-0: Called Strike
1-1: Called Strike
1-2: Ball
2-2: Strikes out swinging
Batting: RHB Kenny Cole 0-0: Ball
1-0: Ground out 6-3 (Groundball, 6)
Top of the 4th over - 0 run(s), 0 hit(s), 0 error(s), 0 left on base; Key West 0 - Gainesville 8
BOTTOM OF THE 4TH
Gainesville Guidos batting - Pitching for Key West Barracudas : LHP Anastasio Flores
Batting: RHB Pedro Mata 0-0: Foul Ball, location: 2F
0-1: Called Strike
0-2: Ball
1-2: Ball
2-2: Foul Ball, location: 2F
2-2: Ground out 6-3 (Groundball, 6M)
Batting: RHB Victor Andrews 0-0: Ball
1-0: Ball
2-0: Called Strike
2-1: Ball
3-1: Base on Balls
Batting: LHB Sergio Barrón 0-0: Foul Ball, location: 2F
0-1: Fly out, F2 (Popup, 2RF)
Batting: RHB José Fernández 0-0: Called Strike
0-1: Ball
1-1: Swinging Strike
1-2: Ball
2-2: Foul Ball, location: 2F
2-2: Ball
3-2: Foul Ball, location: 2F
3-2: Strikes out looking
Bottom of the 4th over - 0 run(s), 0 hit(s), 0 error(s), 1 left on base; Key West 0 - Gainesville 8
TOP OF THE 5TH
Key West Barracudas batting - Pitching for Gainesville Guidos : RHP Matt McGinnity
Batting: LHB Daniel Byrd 0-0: Called Strike
0-1: Swinging Strike
0-2: Ball
1-2: Ball
2-2: Foul Ball, location: 2F
2-2: Foul Ball, location: 2F
2-2: Foul Ball, location: 2F
2-2: DOUBLE (Line Drive, 7LD)
Batting: RHB Alfredo Pineda 0-0: Called Strike
0-1: Ground out 6-3 (Groundball, 6)
Batting: RHB Dan Craft 0-0: Ball
1-0: Ball
2-0: Ball
Balk!
Daniel Byrd to third
3-0: Base on Balls
Batting: RHB Luis Pineda 0-0: Called Strike
0-1: Foul Ball, location: 2F
0-2: Ball
1-2: Ball
2-2: SINGLE (Flyball, 8RS)
Daniel Byrd scores
Dan Craft to second
Batting: SHB Patrick Larson 0-0: Grounds into double play, 4-6-3 (Groundball, 34)
Top of the 5th over - 1 run(s), 2 hit(s), 0 error(s), 1 left on base; Key West 1 - Gainesville 8
BOTTOM OF THE 5TH
Gainesville Guidos batting - Pitching for Key West Barracudas : LHP Anastasio Flores
Batting: LHB Ed Hart 0-0: Ball
1-0: Called Strike
1-1: Ball
2-1: Called Strike
2-2: SOLO HOME RUN (Flyball, 89XD), Distance : 387 ft
Batting: RHB Noriyori Ine Reached via error on a dropped throw, E3
Batting: SHB Reynaldo Gallegos 0-0: Ball
Noriyori Ine steals 2nd base
1-0: Called Strike
1-1: Fly out, F8 (Flyball, 8RXD)
Runner from 2nd tags up, SAFE at 3rd, no throw
Batting: RHB Jason Saunders 0-0: Ball
1-0: DOUBLE (Flyball, 89M)
Noriyori Ine scores
Batting: LHB Mark Owens 0-0: Ball
1-0: Ball
2-0: Fly out, F3 (Popup, 3)
Batting: RHB Pedro Mata 0-0: Ball
1-0: 2-RUN HOME RUN (Line Drive, 7D), Distance : 381 ft
Batting: RHB Victor Andrews 0-0: Ball
1-0: Ball
2-0: Called Strike
2-1: DOUBLE (Flyball, 8RM)
Batting: LHB Sergio Barrón 0-0: Ball
1-0: Ball
2-0: Ball
3-0: Called Strike
3-1: SINGLE (Groundball, 56D)
Victor Andrews to third
Runner from 3rd tries for Home, SAFE, no throw or cutoff
Pitching: RHP Jim McClure
Batting: RHB José Fernández 0-0: Ball
1-0: Ball
2-0: Foul Ball, location: 2F
2-1: Foul Ball, location: 2F
2-2: Foul Ball, location: 2F
2-2: Ball
3-2: Ground out 3-1 (Groundball, 23)
Bottom of the 5th over - 5 run(s), 5 hit(s), 1 error(s), 1 left on base; Key West 1 - Gainesville 13
TOP OF THE 6TH
Key West Barracudas batting - Pitching for Gainesville Guidos : RHP Matt McGinnity
Batting: RHB Dave Nelson 0-0: Ball
1-0: Foul Ball, location: 2F
1-1: Fly out, F6 (Popup, 8LS)
Batting: RHB Carlos Miranda 0-0: Called Strike
0-1: Ball
1-1: Ball
2-1: Ball
3-1: SINGLE (Groundball, 4M)
Batting: RHB Luther Stoffels 0-0: Ball
Throwing error on steal attempt, E2
Carlos Miranda to third
1-0: Called Strike
1-1: Called Strike
1-2: Ball
2-2: Ball
3-2: SINGLE (Groundball, 56) (infield hit)
Carlos Miranda scores
Pitching: RHP Gustavo Ávila
Batting: RHB Kenny Cole 0-0: Called Strike
0-1: Ball
1-1: Called Strike
1-2: Ball
2-2: Ball
3-2: Base on Balls
Luther Stoffels to second
Batting: LHB Daniel Byrd 0-0: SINGLE (Groundball, 34)
Luther Stoffels to third
Kenny Cole to second
Runner from 3rd tries for Home, SAFE, no throw or cutoff
Batting: RHB Alfredo Pineda 0-0: Called Strike
Kenny Cole is caught stealing 3rd base
Daniel Byrd to second
0-1: Foul Ball, location: 2F
0-2: Ball
1-2: Ball
2-2: Strikes out swinging
Top of the 6th over - 2 run(s), 3 hit(s), 1 error(s), 1 left on base; Key West 3 - Gainesville 13
BOTTOM OF THE 6TH
Gainesville Guidos batting - Pitching for Key West Barracudas : RHP Jim McClure
Batting: LHB Ed Hart 0-0: Called Strike
0-1: Swinging Strike
0-2: Strikes out swinging
Batting: RHB Noriyori Ine 0-0: Ball
1-0: Foul Ball, location: 2F
1-1: SOLO HOME RUN (Flyball, 78XD), Distance : 379 ft
Batting: SHB Reynaldo Gallegos 0-0: Ball
1-0: Swinging Strike
1-1: Called Strike
1-2: Strikes out looking
Batting: RHB Jason Saunders 0-0: Ball
1-0: Ball
2-0: Ball
3-0: Called Strike
3-1: Fly out, F7 (Flyball, 7M)
Bottom of the 6th over - 1 run(s), 1 hit(s), 0 error(s), 0 left on base; Key West 3 - Gainesville 14
TOP OF THE 7TH
Key West Barracudas batting - Pitching for Gainesville Guidos : RHP Gustavo Ávila
Pinch Hitting: LHB Dillon Beck 0-0: Ball
1-0: Called Strike
1-1: Swinging Strike
1-2: Foul Ball, location: 2F
1-2: Strikes out swinging
Batting: RHB Luis Pineda 0-0: Fly out, F9 (Line Drive, 9M)
Batting: SHB Patrick Larson 0-0: Called Strike
0-1: Called Strike
0-2: Ground out 6-3 (Groundball, 6M)
Top of the 7th over - 0 run(s), 0 hit(s), 0 error(s), 0 left on base; Key West 3 - Gainesville 14
BOTTOM OF THE 7TH
Gainesville Guidos batting - Pitching for Key West Barracudas : RHP Jim McClure
Now in LF: Dillon Beck
Batting: LHB Mark Owens 0-0: Ball
1-0: Called Strike
1-1: Called Strike
1-2: Ball
2-2: SINGLE (Line Drive, 8LS)
Batting: RHB Pedro Mata 0-0: Bunt - Flyout! F2
Batting: RHB Victor Andrews 0-0: Ball
1-0: Ball
2-0: Fly out, F7 (Flyball, 78D)
Batting: LHB Sergio Barrón 0-0: SINGLE (Groundball, 34D) (infield hit)
Mark Owens to second
Batting: RHB José Fernández 0-0: Ball
1-0: Ball
2-0: Fly out, F8 (Flyball, 8LXD)
Bottom of the 7th over - 0 run(s), 2 hit(s), 0 error(s), 2 left on base; Key West 3 - Gainesville 14
TOP OF THE 8TH
Key West Barracudas batting - Pitching for Gainesville Guidos : RHP Gustavo Ávila
Batting: RHB Dave Nelson 0-0: Ball
1-0: Called Strike
1-1: Ball
2-1: Ground out 6-3 (Groundball, 6)
Pitching: RHP Juan Patino
Pinch Hitting: LHB Arturo López 0-0: Ball
1-0: Ball
2-0: Ground out U3 (Groundball, 3)
Batting: RHB Luther Stoffels 0-0: Ground out 5-3 (Groundball, 5)
Top of the 8th over - 0 run(s), 0 hit(s), 0 error(s), 0 left on base; Key West 3 - Gainesville 14
BOTTOM OF THE 8TH
Gainesville Guidos batting - Pitching for Key West Barracudas : RHP Jim McClure
Pitching: RHP Emmett Bush
Now in CF: Víctor Acevedo
Batting: LHB Ed Hart 0-0: SOLO HOME RUN (Flyball, 9LD), Distance : 329 ft
Batting: RHB Noriyori Ine 0-0: Called Strike
0-1: Ball
1-1: Foul Ball, location: 2F
1-2: Ball
2-2: SINGLE (Groundball, 56D) (infield hit)
Batting: SHB Reynaldo Gallegos 0-0: Ball
1-0: Bunted foul
1-1: Called Strike
1-2: Ball
2-2: Fly out, F7 (Flyball, 7S)
Batting: RHB Jason Saunders 0-0: Called Strike
0-1: SINGLE (Line Drive, 8RS)
Noriyori Ine to second
Batting: LHB Mark Owens 0-0: Ball
1-0: Foul Ball, location: 2F
1-1: Ball
2-1: Ball
3-1: Base on Balls
Noriyori Ine to third
Jason Saunders to second
Batting: RHB Pedro Mata 0-0: Ball
1-0: Called Strike
1-1: Ball
2-1: Foul Ball, location: 2F
2-2: Foul Ball, location: 2F
2-2: Foul Ball, location: 2F
2-2: Ball
3-2: Base on Balls
Noriyori Ine scores
Jason Saunders to third
Mark Owens to second
Batting: RHB Victor Andrews 0-0: Ball
1-0: Ball
2-0: Called Strike
2-1: Ball
3-1: SINGLE (Flyball, 7LS)
Jason Saunders scores
Mark Owens to third
Pedro Mata to second
Runner from 3rd tries for Home, SAFE, no throw or cutoff
Pitching: RHP Carlos Molina
Batting: LHB Sergio Barrón 0-0: Foul Ball, location: 2F
0-1: Ball
1-1: Ground out U3 (Groundball, 3S)
Pedro Mata to third
Victor Andrews to second
Batting: RHB José Fernández 0-0: Swinging Strike
0-1: Fly out, F8 (Flyball, 89D)
Bottom of the 8th over - 4 run(s), 4 hit(s), 0 error(s), 2 left on base; Key West 3 - Gainesville 18
TOP OF THE 9TH
Key West Barracudas batting - Pitching for Gainesville Guidos : RHP Juan Patino
Now at 3B: Fernando Mendoza
Batting: RHB Kenny Cole 0-0: Ball
1-0: Called Strike
1-1: Ball
2-1: Ball
3-1: Swinging Strike
3-2: Strikes out swinging
Batting: LHB Daniel Byrd 0-0: Called Strike
0-1: Called Strike
0-2: Strikes out looking
Batting: RHB Alfredo Pineda 0-0: Ball
1-0: Ball
2-0: Fly out, F2 (Popup, 23F)
Top of the 9th over - 0 run(s), 0 hit(s), 0 error(s), 0 left on base; Key West 3 - Gainesville 18
This league is powered by Out of the Park Baseball, the baseball management simulation game for PC, Mac and Linux
Wednesday, December 2nd, 2015 - OOTP Baseball 16.8 Build 38